 Dungeon Crawl Stone Soup version 0.29.1-12-g30fa7ad0bf (webtiles) character file.

Game seed: 14027924182277365186

450 BigDaddyOpFi the Trooper (level 6, -1/51 HPs)
             Began as a Palentonga Fighter on Jan 10, 2023.
             Slain by an orc warrior
             ... wielding a +0 trident
              (14 damage)
             ... on level 6 of the Dungeon.
             The game lasted 00:05:16 (3181 turns).

BigDaddyOpFi the Trooper (Palentonga Fighter)       Turns: 3181, Time: 00:05:17

Health: -1/51      AC: 10    Str: 37    XL:     6   Next: 74%
Magic:  6/6        EV:  6    Int: 10    God:
Gold:   154        SH:  4    Dex:  7    Spells: 5/5 levels left

rFire   + . .      SeeInvis +   a - +1 war axe
rCold   x . .      Faith    .   c - +0 buckler
rNeg    . . .      Spirit   .   l - +0 chain mail
rPois   .          Reflect  .   (no helmet)
rElec   +          Harm     .   s - +0 cloak
rCorr   .          Rampage  .   o - +0 pair of gloves
Will    .....                   (no barding)
Stlth   ..........              (no amulet)
HPRegen 0.17/turn               j - +6 ring of strength
MPRegen 0.10/turn               k - ring of Giydu {Fire rElec Str+8 Int+2 Dex-3}

@: mighty
A: large, rugged brown scales 3, see invisible, deformed body, roll 1, armoured
tail
a: Rolling Charge


You were on level 6 of the Dungeon.
You visited 1 branch of the dungeon, and saw 7 of its levels.

You collected 154 gold pieces.

Inventory:

Hand Weapons
 a - a +1 war axe (weapon)
Armour
 c - a +0 buckler (worn)
 l - a +0 chain mail (worn)
 o - a +0 pair of gloves (worn)
 s - a +0 cloak (worn)
Jewellery
 i - a ring of positive energy
 j - a +6 ring of strength (left hand)
 k - the ring of Giydu (right hand) {Fire rElec Str+8 Int+2 Dex-3}
   (You found it on level 2 of the Dungeon)

   [ring of fire]

   It enhances your fire magic.
   Str:       It affects your strength (+8).
   Int:       It affects your intelligence (+2).
   Dex:       It affects your dexterity (-3).
   rF:        It protects you from fire.
   rC:        It makes you vulnerable to cold.
   rElec:     It insulates you from electricity.
Wands
 r - a wand of flame (15)
Scrolls
 d - 2 scrolls of noise
 m - a scroll of teleportation
 n - 3 scrolls of torment
Potions
 e - a potion of ambrosia
 f - a potion of flight {unknown}
 g - a potion of attraction {unknown}
 h - a potion of cancellation {unknown}
 q - a potion of brilliance {unknown}
 u - a potion of lignification {unknown}


   Skills:
 + Level 4.2 Fighting
 + Level 3.6 Axes
 + Level 3.5 Armour
 * Level 2.1 Stealth
 + Level 3.9 Shields


You had 5 spell levels left.
You didn't know any spells.
Your spell library contained the following spells:

 Spells                   Type           Power      Damage    Failure   Level
 Summon Small Mammal      Summ           0%         N/A       87%         1
 Call Canine Familiar     Summ           0%         N/A       99%         3
 Summon Guardian Golem    Hex/Summ       0%         N/A       99%         3


Dungeon Overview and Level Annotations

Branches:
Dungeon (8/15)
 Temple: D:4-7         Lair: D:8-11

Altars:
Cheibriados
Makhleb
Nemelex Xobeh
Vehumet


Innate Abilities, Weirdness & Mutations

You are completely covered in rugged brown scales. (AC +3, +7% HP)
You have supernaturally acute eyesight. (SInv)
Armour fits poorly on your strangely shaped body.
You can roll at nearby foes to attack.
You have a long armoured tail.


Message History

You closely miss the orc warrior. You barely miss the orc priest.
You block the orc warrior's attack.
The orc priest calls down the wrath of Beogh upon you.
Beogh smites you!
* * * LOW HITPOINT WARNING * * *
You feel better.
The orc warrior hits you with a +0 trident.
The orc priest hits you with a +0 hand axe.
* * * LOW HITPOINT WARNING * * *
You feel better.
The orc warrior hits you but does no damage.
The orc priest invokes the aid of Beogh against you.
You barely resist.
You are confused.
You feel invigorated.
The orc warrior hits you with a +0 trident!
The orc priest hits you but does no damage.
You miss the orc warrior. You closely miss the orc priest.
The orc warrior closely misses you.
The orc priest hits you with a +0 hand axe.
The orc warrior hits you but does no damage.
The orc priest hits you but does no damage.
You slash the orc warrior!
The orc warrior is moderately wounded.
You miss the orc priest.
You feel less invigorated.
You feel less confused. The orc warrior completely misses you.
The orc priest hits you with a +0 hand axe.
You barely miss the orc warrior.
The orc warrior is moderately wounded.
You barely miss the orc priest.
The orc warrior hits you with a +0 trident!
* * * LOW HITPOINT WARNING * * *
The orc priest hits you but does no damage.
You slash the orc priest!
Your tail-slap misses the orc priest.
The orc priest is severely wounded.
You closely miss the orc warrior. The orc warrior closely misses you.
The orc priest hits you but does no damage.
The orc warrior hits you with a +0 trident!
You die...

#########
......o@#
#######o#
#.# #.#
#.# #.#
#.# #)#
#.#


You could see an orc warrior and an orc priest.

Vanquished Creatures
  The ghost of hawla the Chiller, an amateur MeIE (D:3)
  A phantom (D:7)
  A bullfrog (D:3)
  A necrophage (D:7)
  A jelly (D:3)
  An iguana (D:4)
  4 adders
  3 worms
  2 dart slugs
  4 orcs
  3 ball pythons (D:1)
  4 endoplasms
  5 giant cockroaches
  7 goblins
  5 hobgoblins
  6 jackals
  3 quokkas
  7 bats
  3 frilled lizards
  10 kobolds
  2 rats (D:1)
74 creatures vanquished.

Vanquished Creatures (others)
  5 toadstools (D:1)
5 creatures vanquished.

Grand Total: 79 creatures vanquished

Notes
Turn   | Place    | Note
-------+----------+-------------------------------------------
     0 | D:1      | BigDaddyOpFi the Palentonga Fighter began the quest for the
                  | Orb.
     0 | D:1      | Reached XP level 1. HP: 19/19 MP: 1/1
   271 | D:1      | Reached XP level 2. HP: 25/25 MP: 2/2
   461 | D:1      | Reached XP level 3. HP: 8/31 MP: 3/3
  1349 | D:2      | Identified the ring of Giydu {Fire rElec Str+8 Int+2 Dex-3}
  1626 | D:2      | Reached XP level 4. HP: 35/37 MP: 4/4
  2228 | D:3      | Found a radiant altar of Vehumet.
  2344 | D:3      | Found a sparkling altar of Nemelex Xobeh.
  2394 | D:3      | Found a runed translucent door.
  2395 | D:3      | Noticed a bullfrog
  2432 | D:3      | Found a burning altar of Makhleb.
  2596 | D:3      | Noticed hawla's ghost (amateur MeIE)
  2605 | D:3      | Killed a bullfrog
  2606 | D:3      | Reached skill level 1 in Stealth
  2606 | D:3      | Reached XP level 5. HP: 43/44 MP: 5/5
  2617 | D:3      | Killed hawla's ghost
  2618 | D:3      | Reached skill level 4 in Fighting
  2618 | D:3      | Reached XP level 6. HP: 36/51 MP: 6/6
  2839 | D:4      | You fall into a shaft and drop 3 floors!
  2982 | D:7      | Found a snail-covered altar of Cheibriados.
  3011 | D:6      | Noticed an orc warrior
  3181 | D:6      | Slain by an orc warrior

Illustrated notes

Levels and vault maps discovered:
D:1:      ldierk_walled_garden, layout_basic, corexii_leaking_fountain
D:2:      layout_loops_ring, minmay_tetromino_o2
D:3:      layout_basic, general_overflow_altar,
          mainiacjoe_overflow_surrounded_room, bloody_makhleb,
          ebering_ghost_sewer_d
D:4:      layout_gridville, good_gods_mini_temple,
          minmay_temple_entry_antechambers, serial_shops, shop,
          kennysheep_mini_moat, uniq_eustachio
D:6:      layout_basic, mainiacjoe_overflow_brackets, serial_shops,
          kennysheep_mini, uniq_grinder
D:7:      layout_basic, mainiacjoe_overflow_alcove_1
D:8:      layout_loops_ring, nicolae_titane

Skill      XL: |  1  2  3  4  5  6 |
---------------+-------------------+-----
Shields        | 3 |  3.9
Armour         | 3 |  3.5
Axes           | 3 |  3.6
Stealth        | 1 2 |  2.1
Fighting       | 4 |  4.2

Action                   |  1- 3 |  4- 6 || total
-------------------------+-------+-------++-------
Melee: War axe           |    82 |    77 ||   159
       Tailslap          |     8 |     3 ||    11
 Abil: Rolling Charge    |    16 |    16 ||    32
  Use: Potion            |     1 |     6 ||     7
       Scroll            |     6 |     5 ||    11
Armor: Scale mail        |    40 |       ||    40
       Chain mail        |    13 |    39 ||    52
Dodge: Dodged            |    37 |    22 ||    59
Block: Buckler           |    18 |    10 ||    28
